TOP OF THE 1ST |
Aberdeen Ironbirds batting - Pitching for Vancouver Canadians : RHP David Tooley
|
Pitching: RHP David Tooley
|
|
Batting: RHB Ryan Bentz
|
0-0: Fly out, F8 (Flyball, 78M, EV 93.1 MPH)
|
Batting: RHB Heihachiro Fujita
|
0-0: Ball 1-0: Called Strike 1-1: Called Strike 1-2: Ball 2-2: Fly out, F7 (Flyball, 7, EV 86.9 MPH)
|
Batting: RHB Graham Calvert
|
0-0: Called Strike 0-1: Ground out 4-3 (Groundball, 13, EV 86.2 MPH)
|
Top of the 1st over - 0 runs, 0 hits, 0 errors, 0 left on base; Aberdeen 0 - Vancouver 0 |
BOTTOM OF THE 1ST |
Vancouver Canadians batting - Pitching for Aberdeen Ironbirds : LHP Jeff Glover
|
Pitching: LHP Jeff Glover
|
|
Batting: RHB Jose Ontiveros
|
0-0: Called Strike 0-1: Ball 1-1: Ball 2-1: Foul Ball, location: 2F 2-2: Ball 3-2: Foul Ball, location: 2F 3-2: Base on Balls
|
Batting: RHB Scott Travis
|
0-0: 2-RUN HOME RUN (Flyball, 78XD, EV 103.8 MPH), Distance : 412 ft
|
Batting: SHB Tim Hone
|
0-0: Foul Ball, location: 2F 0-1: Ground out 6-3 (Groundball, 6MD, EV 85.0 MPH)
|
Batting: RHB Terry Plumley
|
0-0: Ball 1-0: Called Strike 1-1: Fly out, F6 (Popup, P, EV 80.6 MPH)
|
Batting: RHB Jorge Cruz
|
0-0: Ball 1-0: Ground out 4-3 (Groundball, 4, EV 85.0 MPH)
|
Bottom of the 1st over - 2 runs, 1 hit, 0 errors, 0 left on base; Aberdeen 0 - Vancouver 2 |
TOP OF THE 2ND |
Aberdeen Ironbirds batting - Pitching for Vancouver Canadians : RHP David Tooley
|
Batting: RHB Han-seung Hah
|
0-0: Ground out 4-3 (Groundball, 4, EV 102.5 MPH)
|
Batting: LHB Chris Cohen
|
0-0: Ball 1-0: Ball 2-0: Ground out 4-3 (Groundball, 34D, EV 85.0 MPH)
|
Batting: RHB Luis Roman
|
0-0: Ball 1-0: Ball 2-0: Ground out U3 (Groundball, 3, EV 101.9 MPH)
|
Top of the 2nd over - 0 runs, 0 hits, 0 errors, 0 left on base; Aberdeen 0 - Vancouver 2 |
BOTTOM OF THE 2ND |
Vancouver Canadians batting - Pitching for Aberdeen Ironbirds : LHP Jeff Glover
|
Batting: RHB Jamie Ogilvie
|
0-0: Foul Ball, location: 2F 0-1: Ball 1-1: Ball 2-1: Foul Ball, location: 2F 2-2: Ball 3-2: Ground out 4-3 (Groundball, 4M, EV 102.5 MPH)
|
Batting: RHB Dan Hilyer
|
0-0: Ball 1-0: Foul Ball, location: 2F 1-1: Ball 2-1: Ball 3-1: Called Strike 3-2: Ground out 6-3 (Groundball, 6MS, EV 86.2 MPH)
|
Batting: RHB John Rios
|
0-0: Ground out 6-3 (Groundball, 6, EV 98.1 MPH)
|
Bottom of the 2nd over - 0 runs, 0 hits, 0 errors, 0 left on base; Aberdeen 0 - Vancouver 2 |
TOP OF THE 3RD |
Aberdeen Ironbirds batting - Pitching for Vancouver Canadians : RHP David Tooley
|
Batting: LHB Bryan Davidson
|
0-0: Ground out 6-3 (Groundball, 6, EV 86.2 MPH)
|
Batting: LHB Danny Schultz
|
0-0: Foul Ball, location: 2F 0-1: Foul Ball, location: 2F 0-2: Ball 1-2: Strikes out looking
|
Batting: LHB Ivan Alvarez
|
0-0: Foul Ball, location: 2F 0-1: Ball 1-1: Ball 2-1: Fly out, F8 (Flyball, 78M, EV 90.0 MPH)
|
Top of the 3rd over - 0 runs, 0 hits, 0 errors, 0 left on base; Aberdeen 0 - Vancouver 2 |
BOTTOM OF THE 3RD |
Vancouver Canadians batting - Pitching for Aberdeen Ironbirds : LHP Jeff Glover
|
Batting: LHB Rodrigo Briceno
|
0-0: Ball 1-0: Called Strike 1-1: DOUBLE (Groundball, 5L, EV 102.5 MPH)
|
Batting: RHB Jose Ontiveros
|
0-0: Ball 1-0: Foul Ball, location: 2F 1-1: Foul Ball, location: 2F 1-2: Ground out 1-3 (Groundball, 13S, EV 63.1 MPH) Rodrigo Briceno to third
|
Batting: RHB Scott Travis
|
0-0: Ball 1-0: Ball 2-0: Swinging Strike 2-1: Ball 3-1: Base on Balls
|
Batting: SHB Tim Hone
|
0-0: Called Strike 0-1: Ball 1-1: Called Strike 1-2: Ball 2-2: Strikes out looking
|
Batting: RHB Terry Plumley
|
0-0: Foul Ball, location: 2F 0-1: Ball 1-1: SINGLE (Groundball, 56D, EV 107.5 MPH) Rodrigo Briceno scores Scott Travis to second
|
Batting: RHB Jorge Cruz
|
0-0: Ball 1-0: SINGLE (Groundball, 56S, EV 69.4 MPH) (infield hit) Scott Travis to third Terry Plumley to second
|
Batting: RHB Jamie Ogilvie
|
0-0: Fielders Choice at 2nd, 6-4 (Groundball, 56, EV 83.1 MPH)
|
Bottom of the 3rd over - 1 run, 3 hits, 0 errors, 3 left on base; Aberdeen 0 - Vancouver 3 |
TOP OF THE 4TH |
Aberdeen Ironbirds batting - Pitching for Vancouver Canadians : RHP David Tooley
|
Batting: RHB Ryan Bentz
|
0-0: Ground out 5-3 (Groundball, 5, EV 108.1 MPH)
|
Batting: RHB Heihachiro Fujita
|
0-0: Called Strike 0-1: Ball 1-1: Ball 2-1: DOUBLE (Line Drive, 9LS, EV 114.4 MPH)
|
Batting: RHB Graham Calvert
|
0-0: Ball 1-0: Swinging Strike 1-1: Ball 2-1: Foul Ball, location: 2F 2-2: Strikes out swinging
|
Batting: RHB Han-seung Hah
|
0-0: Foul Ball, location: 2F 0-1: Swinging Strike 0-2: Strikes out swinging
|
Top of the 4th over - 0 runs, 1 hit, 0 errors, 1 left on base; Aberdeen 0 - Vancouver 3 |
BOTTOM OF THE 4TH |
Vancouver Canadians batting - Pitching for Aberdeen Ironbirds : LHP Jeff Glover
|
Batting: RHB Dan Hilyer
|
0-0: Foul Ball, location: 2F 0-1: Ball 1-1: Single, Error in OF, E8, batter to second base (Groundball, 6MD, EV 100.0 MPH)
|
Batting: RHB John Rios
|
0-0: Ball 1-0: Ball 2-0: Called Strike 2-1: Ball 3-1: SINGLE (Groundball, 3D, EV 98.8 MPH) Dan Hilyer to third Runner from 3rd tries for Home, SAFE, throw by RF to home
|
Batting: LHB Rodrigo Briceno
|
0-0: Ball 1-0: Ball 2-0: Ball 3-0: Base on Balls John Rios to second
|
Batting: RHB Jose Ontiveros
|
0-0: Foul Ball, location: 2F 0-1: Ball 1-1: Ball 2-1: Ball 3-1: Base on Balls John Rios to third Rodrigo Briceno to second
|
Batting: RHB Scott Travis
|
0-0: Ball 1-0: Fielders Choice at 2nd, 4-6 (Groundball, 4, EV 83.8 MPH) John Rios scores Rodrigo Briceno to third
|
Batting: SHB Tim Hone
|
0-0: Foul Ball, location: 2F 0-1: Ball 1-1: Called Strike 1-2: Ball 2-2: Foul Ball, location: 2F 2-2: Ball 3-2: Fielders Choice at 2nd, 5-4 (Groundball, 56S, EV 77.5 MPH) Rodrigo Briceno scores
|
Pitching: RHP Andrew Telles
|
|
Batting: RHB Terry Plumley
|
0-0: Fly out, F9 (Flyball, 89M, EV 74.4 MPH)
|
Bottom of the 4th over - 3 runs, 2 hits, 1 error, 1 left on base; Aberdeen 0 - Vancouver 6 |
TOP OF THE 5TH |
Aberdeen Ironbirds batting - Pitching for Vancouver Canadians : RHP David Tooley
|
Batting: LHB Chris Cohen
|
0-0: Foul Ball, location: 2F 0-1: Ball 1-1: Ball 2-1: DOUBLE (Line Drive, 5D, EV 96.9 MPH)
|
Batting: RHB Luis Roman
|
0-0: Ball 1-0: Called Strike 1-1: Called Strike 1-2: Fly out, F8 (Line Drive, 8RM, EV 98.1 MPH)
|
Batting: LHB Bryan Davidson
|
0-0: Ball 1-0: Called Strike 1-1: Ball 2-1: Ball 3-1: Foul Ball, location: 2F 3-2: Strikes out swinging
|
Batting: LHB Danny Schultz
|
0-0: Ball 1-0: Called Strike 1-1: Called Strike 1-2: Strikes out swinging
|
Top of the 5th over - 0 runs, 1 hit, 0 errors, 1 left on base; Aberdeen 0 - Vancouver 6 |
BOTTOM OF THE 5TH |
Vancouver Canadians batting - Pitching for Aberdeen Ironbirds : RHP Andrew Telles
|
Batting: RHB Jorge Cruz
|
0-0: Foul Ball, location: 2F 0-1: Swinging Strike 0-2: Ball 1-2: Fly out, F9 (Flyball, 9LD, EV 88.8 MPH)
|
Batting: RHB Jamie Ogilvie
|
0-0: Ball 1-0: Ball 2-0: Ground out 2-3 (Groundball, 2R, EV 67.5 MPH)
|
Batting: RHB Dan Hilyer
|
0-0: Fly out, F9 (Flyball, 89D, EV 81.9 MPH)
|
Bottom of the 5th over - 0 runs, 0 hits, 0 errors, 0 left on base; Aberdeen 0 - Vancouver 6 |
TOP OF THE 6TH |
Aberdeen Ironbirds batting - Pitching for Vancouver Canadians : RHP David Tooley
|
Batting: LHB Ivan Alvarez
|
0-0: Foul Ball, location: 2F 0-1: Foul Ball, location: 2F 0-2: Strikes out swinging
|
Batting: RHB Ryan Bentz
|
0-0: Ball 1-0: Fly out, F7 (Flyball, 7D, EV 103.1 MPH)
|
Batting: RHB Heihachiro Fujita
|
0-0: Ball 1-0: Fly out, F8 (Flyball, 89XD, EV 110.0 MPH)
|
Top of the 6th over - 0 runs, 0 hits, 0 errors, 0 left on base; Aberdeen 0 - Vancouver 6 |
BOTTOM OF THE 6TH |
Vancouver Canadians batting - Pitching for Aberdeen Ironbirds : RHP Andrew Telles
|
Batting: RHB John Rios
|
0-0: Foul Ball, location: 2F 0-1: Ball 1-1: Ball 2-1: Ball 3-1: Reached on error, E6 (Groundball, 6, EV 83.8 MPH)
|
Batting: LHB Rodrigo Briceno
|
0-0: Foul Ball, location: 2F 0-1: 2-RUN HOME RUN (Flyball, 9D, EV 96.9 MPH), Distance : 388 ft
|
Batting: RHB Jose Ontiveros
|
0-0: Ball 1-0: Ball 2-0: SOLO HOME RUN (Flyball, 7LD, EV 94.4 MPH), Distance : 361 ft
|
Batting: RHB Scott Travis
|
0-0: Foul Ball, location: 2F 0-1: Ball 1-1: SINGLE (Groundball, 34D, EV 107.5 MPH)
|
Batting: SHB Tim Hone
|
0-0: Ball 1-0: SINGLE (Groundball, 4M, EV 108.8 MPH) (infield hit) Scott Travis to second
|
Batting: RHB Terry Plumley
|
0-0: Called Strike 0-1: Swinging Strike 0-2: Ball 1-2: Strikes out looking
|
Batting: RHB Jorge Cruz
|
0-0: Ball 1-0: Foul Ball, location: 2F 1-1: Ball 2-1: Called Strike 2-2: Ball 3-2: Foul Ball, location: 2F 3-2: Foul Ball, location: 2F 3-2: Strikes out looking
|
Batting: RHB Jamie Ogilvie
|
0-0: Ball 1-0: Ball 2-0: Called Strike 2-1: Swinging Strike 2-2: Fielders Choice at 2nd, 6-4 (Groundball, 6, EV 85.0 MPH)
|
Bottom of the 6th over - 3 runs, 4 hits, 1 error, 2 left on base; Aberdeen 0 - Vancouver 9 |
TOP OF THE 7TH |
Aberdeen Ironbirds batting - Pitching for Vancouver Canadians : RHP David Tooley
|
Now at 2B: Jose Garza
|
|
Batting: RHB Graham Calvert
|
0-0: Ground out 6-3 (Groundball, 6, EV 81.2 MPH)
|
Pinch Hitting: LHB Santino Pisanello
|
0-0: Ball 1-0: Foul Ball, location: 2F 1-1: Called Strike 1-2: Strikes out swinging
|
Batting: LHB Chris Cohen
|
0-0: Ball 1-0: Ball 2-0: Ball 3-0: Called Strike 3-1: Base on Balls
|
Batting: RHB Luis Roman
|
0-0: Called Strike Chris Cohen steals 2nd base (no throw) 0-1: Ball 1-1: Ground out 5-3 (Groundball, 56, EV 87.5 MPH)
|
Top of the 7th over - 0 runs, 0 hits, 0 errors, 1 left on base; Aberdeen 0 - Vancouver 9 |
BOTTOM OF THE 7TH |
Vancouver Canadians batting - Pitching for Aberdeen Ironbirds : RHP Andrew Telles
|
Pitching: RHP Mark Lloyd
|
|
Now in LF: Santino Pisanello
|
|
Now in CF: Ryan Bentz
|
|
Pinch Hitting: LHB Julio Canseco
|
0-0: Called Strike 0-1: Foul Ball, location: 2F 0-2: Foul Ball, location: 2F 0-2: Ball 1-2: Foul Ball, location: 2F 1-2: Ball 2-2: Ball 3-2: Strikes out swinging
|
Batting: RHB John Rios
|
0-0: Ball 1-0: Called Strike 1-1: Ball 2-1: Foul Ball, location: 2F 2-2: Strikes out swinging
|
Pinch Hitting: RHB Mike Johnson
|
0-0: Ball 1-0: Ground out 6-3 (Groundball, 6, EV 85.0 MPH)
|
Bottom of the 7th over - 0 runs, 0 hits, 0 errors, 0 left on base; Aberdeen 0 - Vancouver 9 |
TOP OF THE 8TH |
Aberdeen Ironbirds batting - Pitching for Vancouver Canadians : RHP David Tooley
|
Now at 1B: Jake Bronner
|
|
Now in LF: Mike Johnson
|
|
Batting: LHB Bryan Davidson
|
0-0: Ball 1-0: Swinging Strike 1-1: Ball 2-1: Ball 3-1: Foul Ball, location: 2F 3-2: Strikes out swinging
|
Batting: LHB Danny Schultz
|
0-0: Swinging Strike 0-1: Swinging Strike 0-2: Foul Ball, location: 2F 0-2: Foul Ball, location: 2F 0-2: Foul Ball, location: 2F 0-2: Strikes out swinging
|
Batting: LHB Ivan Alvarez
|
0-0: Called Strike 0-1: Called Strike 0-2: DOUBLE (Groundball, 5L, EV 103.8 MPH)
|
Batting: RHB Ryan Bentz
|
0-0: Foul Ball, location: 2F 0-1: Ball 1-1: Ground out U3 (Groundball, 34, EV 88.1 MPH)
|
Top of the 8th over - 0 runs, 1 hit, 0 errors, 1 left on base; Aberdeen 0 - Vancouver 9 |
BOTTOM OF THE 8TH |
Vancouver Canadians batting - Pitching for Aberdeen Ironbirds : RHP Mark Lloyd
|
Pinch Hitting: RHB Bryan Mattis
|
0-0: Ball 1-0: Ground out 6-3 (Groundball, 6, EV 101.2 MPH)
|
Batting: RHB Scott Travis
|
0-0: Ball 1-0: Called Strike 1-1: Swinging Strike 1-2: Strikes out looking
|
Pinch Hitting: RHB Jorge Baret
|
0-0: Called Strike 0-1: Ball 1-1: Ball 2-1: Ball 3-1: Foul Ball, location: 2F 3-2: Ground out 6-3 (Groundball, 4M, EV 78.1 MPH)
|
Bottom of the 8th over - 0 runs, 0 hits, 0 errors, 0 left on base; Aberdeen 0 - Vancouver 9 |
TOP OF THE 9TH |
Aberdeen Ironbirds batting - Pitching for Vancouver Canadians : RHP David Tooley
|
DELAY
|
Rain delay of 33 minutes in the 9th inning.
|
Pitching: RHP Jeremy Thomsen
|
|
Now in LF: Jorge Baret
|
|
Now in CF: Mike Johnson
|
|
Now in RF: Bryan Mattis
|
|
Batting: RHB Heihachiro Fujita
|
0-0: Ball 1-0: Called Strike 1-1: Ball 2-1: Swinging Strike 2-2: Ball 3-2: DOUBLE (Flyball, 89XD, EV 107.5 MPH)
|
Pinch Hitting: RHB Chris McGuirk
|
0-0: Swinging Strike 0-1: Ball 1-1: Called Strike 1-2: Strikes out looking
|
Batting: LHB Santino Pisanello
|
0-0: Foul Ball, location: 2F 0-1: Foul Ball, location: 2F 0-2: Ball 1-2: Ground out 6-3 (Groundball, 6M, EV 106.9 MPH) Heihachiro Fujita to third
|
Batting: LHB Chris Cohen
|
0-0: 2-RUN HOME RUN (Flyball, 9D, EV 98.1 MPH), Distance : 379 ft
|
Batting: RHB Luis Roman
|
0-0: Ball 1-0: Ground out 4-3 (Groundball, 4, EV 83.8 MPH)
|
Top of the 9th over - 2 runs, 2 hits, 0 errors, 0 left on base; Aberdeen 2 - Vancouver 9 |
|